 Dungeon Crawl Stone Soup version 0.29.1-12-g30fa7ad0bf (webtiles) character file.

Game seed: 8903583367580689683

13116 croobank the Conjurer (level 11, -4/81 HPs)
             Began as a Demonspawn Conjurer on Jan 4, 2023.
             Was an Initiate of Gozag.
             Slain by a hell knight
             ... wielding a +0 flail of flaming
              (27 damage)
             ... in a volcano.
             The game lasted 01:11:10 (16077 turns).

croobank the Conjurer (Demonspawn Conjurer)        Turns: 16077, Time: 01:11:10

Health: -4/81      AC: 15    Str: 15    XL:     11   Next: 71%
Magic:  4/20       EV: 17    Int: 28    God:    Gozag
Gold:   839        SH:  0    Dex: 13    Spells: 12/22 levels left

rFire   + + .      SeeInvis +   f - staff of fire
rCold   + + .      Faith    .   (no shield)
rNeg    + . .      Spirit   .   l - +5 ring mail {Will+}
rPois   +          Reflect  .   (helmet unavailable)
rElec   +          Harm     .   x - +2 ratskin cloak {*Rats rPois rN+ Str-1 Int-1 Dex+1}
rCorr   +          Rampage  .   i - +1 pair of gloves
Will    +....                   (no boots)
Stlth   +++.......              A - amulet of Pysit {RegenMP Int+4}
HPRegen 0.23/turn               C - +6 ring of strength
MPRegen 0.57/turn               w - ring "Buryn" {rC+ EV+4 Str+2}

@: brilliant, resistant, gold aura, very slightly contaminated, hasted, very
quick
A: antennae 3, demonic guardian 1, big brain 1, condensation shield
a: Renounce Religion, Potion Petition, Call Merchant, Bribe Branch


You were in a volcano.
You worshipped Gozag.
Gozag was pleased with you.
You visited 3 branches of the dungeon, and saw 13 of its levels.
You also visited: Volcano.

You collected 1766 gold pieces.
You spent 641 gold pieces at shops.
You paid 286 gold pieces to Gozag.

Inventory:

Hand Weapons
 c - a +3 lajatang
 d - a +0 dagger
 G - a +1 halberd of flaming
 K - a +3 quarterstaff of chaos
Missiles
 p - 6 poisoned darts (quivered)
 M - 3 boomerangs
Armour
 a - a +1 robe
 i - a +1 pair of gloves (worn)
 l - a +5 ring mail of willpower (worn)
 x - the +2 ratskin cloak (worn) {*Rats rPois rN+ Str-1 Int-1 Dex+1}
   (You found it on level 6 of the Dungeon)

   When the wearer is hurt, rats may emerge from it to assist them.
   Str:       It affects your strength (-1).
   Int:       It affects your intelligence (-1).
   Dex:       It affects your dexterity (+1).
   rPois:     It protects you from poison.
   rN:        It protects you from negative energy.
 H - +0 swamp dragon scales
Magical Staves
 f - a staff of fire (weapon)
 y - a staff of death
Jewellery
 s - a +4 ring of protection
 t - a ring of willpower
 w - the ring "Buryn" (right hand) {rC+ EV+4 Str+2}
   (You found it on level 3 of the Lair of Beasts)

   [ring of evasion]

   EV:        It affects your evasion (+4).
   Str:       It affects your strength (+2).
   rC:        It protects you from cold.
 A - the amulet of Pysit (around neck) {RegenMP Int+4}
   (You bought it in a shop on level 8 of the Dungeon)

   [amulet of magic regeneration]

   It increases your rate of magic regeneration.
   Int:       It affects your intelligence (+4).
 B - a ring of magical power
 C - a +6 ring of strength (left hand)
 J - a ring of positive energy
 L - a +4 ring of protection
Scrolls
 b - a scroll of poison
 g - 4 scrolls of teleportation
 q - 3 scrolls of immolation
 r - 2 scrolls of blinking
Potions
 e - a potion of brilliance
 h - a potion of attraction
 j - 2 potions of lignification
 k - 3 potions of mutation
 m - a potion of might
 o - 4 potions of curing
 u - 2 potions of haste
 v - a potion of flight
 z - 7 potions of heal wounds
 E - a potion of ambrosia {unknown}
 F - 2 potions of degeneration {unknown}
 I - 5 potions of cancellation


   Skills:
 + Level 6.3 Fighting
 * Level 4.3(5.8) Polearms
 - Level 5.9(6.6) Staves
 + Level 6.1 Dodging
 + Level 6.6 Stealth
 + Level 6.1 Spellcasting
 + Level 7.6 Conjurations
 + Level 5.9 Hexes
 + Level 6.5 Translocations


You had 12 spell levels left.
You knew the following spells:

 Your Spells              Type           Power      Damage    Failure   Level
a - Magic Dart            Conj           100%       1d8       1%          1
b - Searing Ray           Conj           100%       2d8       1%          2
c - Dazzling Flash        Conj/Hex       100%       N/A       2%          3
d - Iskenderun's Mystic   Conj/Tloc      64%        2d13      6%          4

Your spell library contained the following spells:

 Spells                   Type           Power      Damage    Failure   Level
 Ensorcelled Hibernation  Hex/Ice        74%        N/A       5%          2
 Fulminant Prism          Conj/Hex       31%        3d16      7%          4
 Summon Guardian Golem    Hex/Summ       37%        N/A       11%         3
 Passwall                 Tmut/Erth      10%        N/A       19%         2
 Sublimation of Blood     Necr           12%        N/A       19%         2
 Swiftness                Air            12%        N/A       34%         3
 Anguish                  Hex/Necr       18%        N/A       34%         4
 Irradiate                Conj/Tmut      22%        3d19      56%         5
 Petrify                  Tmut/Erth      12%        N/A       75%         4
 Orb of Destruction       Conj           33%        9d10      99%         7
 Enfeeble                 Hex            29%        N/A       100%        7
 Spellforged Servitor     Conj/Summ      22%        N/A       100%        7


Dungeon Overview and Level Annotations

Branches:
Dungeon (9/15)             Temple (1/1) D:6            Lair (3/5) D:8
  Swamp (0/4) Lair:3       Spider (0/4) Lair:3      Volcano (1/1)
    Orc: D:9-12

Altars:
Ashenzari
Cheibriados
Dithmenos
Fedhas
Gozag
Hepliaklqana
Kikubaaqudgha
Makhleb
Nemelex Xobeh
Okawaru
Qazlal
Ru
Sif Muna
Trog
Uskayaw
Vehumet
Wu Jian
Xom
Yredelemnul

Shops:
D:4 =   D:7 (   D:8 *

Annotations:
D:9 two-headed ogre, ZoeForever1's ghost, journeyman GrEE


Innate Abilities, Weirdness & Mutations

You have a pair of large antennae on your head. (SInv)
A weak demonic guardian rushes to your aid.
You have an unusually large brain. (Int +2)
A meltable shield of frost defends you. (SH +0)


Message History

Casting: Iskenderun's Mystic Blast (dangerous; 6% risk of failure)
Confirm with . or Enter, or press ? or * to list all spells.
You feel a surge of power!
You miscast Iskenderun's Mystic Blast.
Nothing appears to happen.
The salamander unwields a +0 shortbow of flaming.
It stops flaming.
The salamander hits you!
* * * LOW HITPOINT WARNING * * *
A demonic guardian appears!
You are engulfed in flames.
You resist.
* * * LOW HITPOINT WARNING * * *
You barely miss the salamander mystic.
The salamander mystic is severely wounded.
The salamander hits you but does no damage. [a] - 600 gold - heal wounds, curing, berserk rage, brilliance and magic [b] - 232 gold - heal wounds and curing [c] - 486 gold - resistance and invisibility Purchase which effect?
You feel much better.
You feel better.
The hell knight is no longer moving quickly.
Your ufetubus hits the salamander mystic but does no damage.
Your ufetubus barely misses the salamander mystic.
The salamander mystic gestures at you while chanting.
The lance of force hits you!
You are knocked back by the lance of force.
You collide with the hell knight!
The hell knight is almost dead.
* * * LOW HITPOINT WARNING * * *
The hell knight hits you with a +0 flail of flaming.
* * * LOW HITPOINT WARNING * * *
The salamander completely misses you. The salamander barely misses you.
Your ufetubus barely misses the salamander mystic.
Your ufetubus hits the salamander mystic but does no damage.
Casting: Iskenderun's Mystic Blast (dangerous; 6% risk of failure)
Confirm with . or Enter, or press ? or * to list all spells.
You feel a surge of power! Really blast near your ufetubus?
You miscast Iskenderun's Mystic Blast.
Nothing appears to happen.
The salamander mystic closely misses your ufetubus.
The hell knight hits you with a +0 flail of flaming!!
You die...
Your body crumbles into a pile of gold.

≈≈≈≈§≈§≈≈§...# ..#
§§§≈≈≈≈≈≈≈...#$ ...#
≈≈≈≈≈§§§≈§...# #....
§≈≈≈≈§≈§≈.... #...
≈≈≈§§§§§.... #..#
≈≈≈§§≈§...# ##..### #
≈≈§§§≈≈...## ##$.##!# .#
§≈≈§≈§....8###.N##!?#..#
≈≈≈§≈§....)(.'$p@N5#8..#
§≈≈≈§.....8###.N##[[#..#
≈§≈......### ##..##)# .#
..§.....## ##..### #
###..#### #..# #### #...
#.. $ .N.


You could see a hell knight, a salamander mystic (distracted, ally target), 2
salamanders and a friendly ufetubus (summoned).

Vanquished Creatures
  2 hydras (Lair:3)
  Harold (D:9)
  2 two-headed ogres
  2 salamanders (Volcano)
  3 elephants
  2 cane toads
  Maggie (D:6)
  3 komodo dragons
  A spriggan (Lair:3)
  5 yaks
  6 fire bats (Volcano)
  Eustachio (D:5)
  3 steam dragons
  Grum (D:9)
  2 acid dragons (D:8)
  Duvessa (D:7)
  5 water moccasins
  2 hell hounds (Lair:3)
  2 black bears
  An ogre (D:5)
  3 wolves (D:9)
  3 centaurs
  A kobold brigand (D:7)
  7 bullfrogs
  A necrophage (D:5)
  3 wights (D:9)
  Dowan (D:7)
  3 howler monkeys
  4 lava snakes (Volcano)
  A jelly (D:5)
  5 orc priests
  Crazy Yiuf (D:2)
  A gnoll bouda (D:9)
  3 hounds
  Jessica (D:2)
  6 orc wizards
  An iguana (D:5)
  12 gnolls
  5 adders
  3 white imps
  An ufetubus (D:4)
  2 worms
  3 dart slugs
  21 orcs
  7 ball pythons
  3 bats (D:1)
  2 endoplasms (D:1)
  2 giant cockroaches
  5 goblins
  2 hobgoblins
  7 jackals
  13 kobolds
  2 quokkas (D:3)
  3 training dummies (D:7)
  4 frilled lizards
  3 rats (D:1)
191 creatures vanquished.

Vanquished Creatures (collateral kills)
  A salamander (Volcano)
  An elephant (Lair:1)
  A wraith (D:8)
  2 lava snakes (Volcano)
  An endoplasm (D:3)
6 creatures vanquished.

Vanquished Creatures (others)
  5 fungi
  30 plants (Lair:3)
35 creatures vanquished.

Grand Total: 232 creatures vanquished

Notes
Turn   | Place    | Note
-------+----------+-------------------------------------------
     0 | D:1      | croobank the Demonspawn Conjurer began the quest for the
                  | Orb.
     0 | D:1      | Reached XP level 1. HP: 13/13 MP: 3/3
   559 | D:1      | Gained mutation: You have a pair of small antennae on your
                  | head. [demonic ancestry]
   559 | D:1      | Reached XP level 2. HP: 20/20 MP: 3/5
   562 | D:1      | Learned a level 2 spell: Searing Ray
   762 | D:1      | Found a faded altar of an unknown god.
  1409 | D:2      | Noticed Jessica
  1413 | D:2      | Killed Jessica
  1414 | D:2      | Reached skill level 1 in Fighting
  1414 | D:2      | Gained mutation: You have a pair of antennae on your head.
                  | [demonic ancestry]
  1414 | D:2      | Reached XP level 3. HP: 26/26 MP: 6/6
  1732 | D:2      | Found Lyakkefu's Distillery.
  1767 | D:2      | Bought a potion of curing for 33 gold pieces
  1959 | D:2      | Gained mutation: A weak demonic guardian rushes to your
                  | aid. [demonic ancestry]
  1959 | D:2      | Reached XP level 4. HP: 32/32 MP: 0/7
  2119 | D:2      | Learned a level 3 spell: Dazzling Flash
  2192 | D:2      | Found a runed translucent door.
  2193 | D:2      | Noticed Crazy Yiuf
  2692 | D:3      | You fall into a shaft and drop 3 floors!
  2762 | D:6      | Noticed a water moccasin
  2799 | D:6      | Found a staircase to the Ecumenical Temple.
  2808 | Temple   | Entered the Ecumenical Temple
  2837 | Temple   | Became a worshipper of Gozag Ym Sagoz the Greedy
  2877 | D:7      | Found Olumuh's Firing Range.
  2885 | D:7      | Bought 3 curare-tipped darts for 25 gold pieces
  2995 | D:6      | Noticed a bullfrog
  3002 | D:6      | Killed a bullfrog
  3003 | D:6      | Reached skill level 1 in Hexes
  3003 | D:6      | Reached XP level 5. HP: 25/38 MP: 3/9
  3140 | D:6      | Found the +2 ratskin cloak {*Rats rPois rN+ Str-1 Int-1
                  | Dex+1}
  3167 | D:5      | Entered Level 5 of the Dungeon
  3277 | D:5      | Noticed an ogre
  3384 | D:4      | Found Epasel's Jewellery Emporium.
  3386 | D:4      | Found a shadowy altar of Dithmenos.
  4163 | D:3      | Found a radiant altar of Vehumet.
  4164 | D:3      | Found an iron altar of Okawaru.
  4164 | D:3      | Found a blossoming altar of Fedhas.
  4169 | D:3      | Gained mutation: You have a pair of large antennae on your
                  | head. (SInv) [demonic ancestry]
  4169 | D:3      | Reached XP level 6. HP: 42/44 MP: 5/10
  4208 | D:3      | Found a shimmering blue altar of Sif Muna.
  4211 | D:3      | Found an ancient bone altar of Kikubaaqudgha.
  4212 | D:3      | Found a basalt altar of Yredelemnul.
  4426 | D:4      | Reached skill level 1 in Staves
  5304 | D:5      | Gained mutation: A meltable shield of frost defends you.
                  | (SH +0) [demonic ancestry]
  5304 | D:5      | Reached XP level 7. HP: 51/51 MP: 2/11
  5570 | D:5      | Reached skill level 5 in Conjurations
  5728 | D:5      | Learned a level 4 spell: Iskenderun's Mystic Blast
  5796 | D:5      | Noticed Eustachio
  5799 | D:5      | Found a snail-covered altar of Cheibriados.
  5830 | D:5      | Killed Eustachio
  5831 | D:5      | Reached skill level 1 in Translocations
  6120 | D:5      | Found a bloodstained altar of Trog.
  6838 | D:6      | Reached XP level 8. HP: 54/58 MP: 8/13
  7122 | D:6      | Noticed Maggie
  7512 | D:6      | Killed Maggie
  8555 | D:7      | Noticed Dowan
  8559 | D:7      | Noticed Duvessa
  8561 | D:7      | Killed Dowan
  8562 | D:7      | Reached XP level 9. HP: 65/65 MP: 6/15
  8572 | D:7      | Killed Duvessa
  9455 | D:8      | Noticed a two-headed ogre
  9463 | D:8      | Killed a two-headed ogre
  9464 | D:8      | Reached skill level 6 in Conjurations
  9911 | D:8      | Found Exyng's Assorted Antiques.
  9918 | D:8      | Bought a warped brass amulet for 110 gold pieces
  9918 | D:8      | Identified the amulet of Pysit {RegenMP Int+4} (You bought
                  | it in a shop on level 8 of the Dungeon)
  9918 | D:8      | Bought a glass ring for 110 gold pieces
 10005 | D:8      | Found a staircase to the Lair.
 10058 | D:8      | Reached skill level 5 in Staves
 10661 | D:8      | Reached skill level 5 in Stealth
 10942 | D:9      | Found a runed translucent door.
 10942 | D:9      | Noticed ZoeForever1's ghost (journeyman GrEE)
 11068 | D:9      | Noticed Grum
 11083 | D:9      | Killed Grum
 11084 | D:9      | Gained mutation: You have an unusually large brain. (Int
                  | +2) [demonic ancestry]
 11084 | D:9      | Reached XP level 10. HP: 68/73 MP: 17/17
 11137 | D:9      | Noticed Harold
 11154 | D:9      | Killed Harold
 11155 | D:9      | Reached skill level 5 in Spellcasting
 11155 | D:9      | Reached skill level 5 in Translocations
 11179 | D:9      | Noticed a two-headed ogre
 11391 | D:9      | Reached skill level 5 in Dodging
 11719 | D:9      | Reached skill level 5 in Fighting
 11797 | D:9      | Killed a two-headed ogre
 11872 | D:9      | Noticed a two-headed ogre
 12083 | D:2      | Bought a potion of cancellation for 88 gold pieces
 12083 | D:2      | Bought a potion of resistance for 110 gold pieces
 12083 | D:2      | Bought a potion of might for 44 gold pieces
 12083 | D:2      | Bought a potion of flight for 33 gold pieces
 12083 | D:2      | Bought a potion of mutation for 88 gold pieces
 12198 | D:2      | Killed Crazy Yiuf
 12643 | Lair:1   | Entered Level 1 of the Lair of Beasts
 12944 | Lair:1   | Noticed an elephant
 12945 | Lair:1   | Noticed an elephant
 12946 | Lair:1   | Noticed an elephant
 12948 | Lair:1   | Noticed an elephant
 12988 | D:8      | Killed an elephant
 13193 | Lair:1   | Killed an elephant
 13194 | Lair:1   | Reached skill level 1 in Polearms
 13199 | Lair:1   | Killed an elephant
 13200 | Lair:1   | Reached skill level 5 in Hexes
 13213 | Lair:1   | Killed an elephant
 13643 | Lair:1   | Reached skill level 7 in Conjurations
 13861 | Lair:1   | Noticed a cane toad
 13869 | Lair:1   | Killed a cane toad
 14131 | Lair:1   | Reached XP level 11. HP: 31/80 MP: 7/19
 15016 | Lair:3   | Noticed a five-headed hydra
 15027 | Lair:3   | Killed a three-headed hydra
 15080 | Lair:3   | Noticed a four-headed hydra
 15088 | Lair:3   | Killed a three-headed hydra
 15097 | Lair:3   | Identified the ring "Buryn" {rC+ EV+4 Str+2}
 15314 | Lair:3   | Found a dark tunnel.
 15343 | Volcano  | Entered a volcano
 16044 | Volcano  | Noticed a hell knight
 16056 | Volcano  | Noticed a salamander mystic
 16077 | Volcano  | Slain by a hell knight

Illustrated notes

Levels and vault maps discovered:
D:1:      evilmike_arrival_grusome_pit, layout_loops_ring,
          shapermc_ecumenical_altar_totnotflames, dk_noncrumbling_2,
          minmay_crystal_room
D:2:      layout_loops_ring, serial_shops,
          nicolae_shop_temple_entry_statues_fountains, dreamdust_wishing_well,
          uniq_crazy_yiuf_cottage, uniq_jessica
D:3:      layout_loops_ring, minitemple
D:4:      layout_basic, nicolae_dithmenos_through_a_glass_darkly, serial_shops,
          shop
D:5:      layout_cave_pods, general_overflow_altar, lemuel_crystal_altar,
          nicolae_overflow_squiral, kennysheep_generic_room_8, uniq_eustachio
D:6:      layout_loops_cross, minmay_temple_entry_stoned_glass, uniq_maggie
D:7:      layout_layer_cave, nicolae_shop_firing_range, uniq_duvessa
D:8:      layout_loops_ring, lair_entry_dummy, serial_shops,
          nicolae_shop_advertising_works [nicolae_subvault_shop_adworks],
          st_stairs_11
D:9:      layout_loops_ring, gammafunk_ghost_grave, minmay_misc_feat_tiny,
          uniq_prince_ribbit1, uniq_grum, uniq_harold
Temple:   hellmonk_temple_of_storms
Lair:1:   layout_chaotic_city
Lair:2:   layout_big_grid
Lair:3:   layout_roguey, minmay_swamp_entry_worms,
          nicolae_spider_entry_non_spiders, enter_volcano_3,
          serial_bayou_pond_b, wad_woods_01, lemuel_fruit_tree, uniq_amaemon
Volcano:  volcano_grotto [vgs_dualism]

Skill      XL: |  1  2  3  4  5  6  7  8  9 10 11 |
---------------+----------------------------------+-----
Stealth        | 2 3 4 5 6 |  6.6
Dodging        | 2 3 4 5 6 |  6.1
Fighting       | 1 2 3 4 5 6 |  6.3
Hexes          | 1 2 3 4 5 |  5.9
Spellcasting   | 3 4 5 6 |  6.1
Staves         | 1 2 4 5 |  5.9
Conjurations   | 5 6 7 |  7.6
Translocations | 1 3 4 6 |  6.5
Polearms       | 2 4 |  4.3

Action                   |  1- 3 |  4- 6 |  7- 9 | 10-12 || total
-------------------------+-------+-------+-------+-------++-------
Melee: Lajatang          |    28 |    77 |    70 |    57 ||   232
       Dagger            |       |     2 |    17 |       ||    19
       Staff             |       |       |       |    15 ||    15
       Halberd           |       |       |       |     6 ||     6
Throw: Dart              |       |       |     5 |     3 ||     8
       Throwing net      |       |       |     1 |     2 ||     3
 Cast: Magic Dart        |    32 |    18 |    40 |    40 ||   130
       Searing Ray       |     5 |    16 |    43 |    53 ||   117
       Dazzling Flash    |       |       |     1 |    10 ||    11
       Iskenderun's Myst |       |       |       |    41 ||    41
Invok: Potion Petition   |       |       |       |     1 ||     1
Evoke: Wand              |       |       |       |     5 ||     5
  Use: Potion            |       |       |     2 |     4 ||     6
       Scroll            |       |       |    18 |     4 ||    22
 Stab: Sleeping          |       |     6 |     2 |       ||     8
       Distracted        |       |       |     2 |       ||     2
       Invisible         |       |       |       |     3 ||     3
       Held in net/web   |       |       |       |     1 ||     1
Armor: Robe              |     9 |    42 |    34 |       ||    85
       Ring mail         |       |       |    52 |    92 ||   144
Dodge: Dodged            |    37 |    79 |   102 |   153 ||   371
Block: Other             |       |       |    24 |    31 ||    55
